 Dungeon Crawl Stone Soup version 0.30-a0-365-ge7f957f1db (webtiles) character file.

Game seed: 11471912296701990501

1635 oldriver the Thaumaturge (level 8, -2/64 HPs)
             Began as a Mummy Necromancer on Nov 16, 2022.
             Slain by a wight
             ... wielding a +0 long sword
              (7 damage)
             ... on level 6 of the Dungeon.
             The game lasted 00:08:10 (6325 turns).

oldriver the Thaumaturge (Mummy Necromancer)        Turns: 6325, Time: 00:08:10

Health: -2/64      AC:  2    Str: 11    XL:     8   Next: 66%
Magic:  7/20       EV: 12    Int: 17    God:
Gold:   289        SH:  0    Dex: 12    Spells: 13/23 levels left

rFire   . . .      SeeInvis .    j - staff of fire
rCold   + . .      Faith    +    (no shield)
rNeg    + + +      Spirit   .    a - +0 robe
rPois   ∞          Reflect  .    (no helmet)
rElec   .          Harm     .    (no cloak)
rCorr   .          Rampage  .    (no gloves)
Will    +....                    (no boots)
Stlth   ++........               (no amulet)
HPRegen 0.30/turn                g - ring of flight
MPRegen 0.17/turn                (no ring)

@: flying
A: cold resistance 1, negative energy resistance 3, torment resistance 2, heat
vulnerability 1, in touch with death 1, no potions, faith
a: no special abilities


You were on level 6 of the Dungeon.
You visited 1 branch of the dungeon, and saw 6 of its levels.

You collected 289 gold pieces.

Inventory:

Hand Weapons
 d - a +2 dagger of venom
Missiles
 r - a throwing net
Armour
 a - a +0 robe (worn)
Magical Staves
 j - a staff of fire (weapon)
Jewellery
 g - a ring of flight (left hand)
 h - an amulet of guardian spirit
Wands
 q - a wand of iceblast (14)
Scrolls
 b - a scroll of butterflies {unknown}
 c - a scroll of magic mapping
 e - 2 scrolls of blinking {unknown}
 f - 2 scrolls of vulnerability {unknown}
 i - a scroll of brand weapon {unknown}
 k - 2 scrolls of noise
 l - a scroll of silence
 m - 3 scrolls of amnesia
 n - a scroll of fear {unknown}
 o - 6 scrolls of identify
 p - a scroll of teleportation {unknown}


   Skills:
 + Level 6.2 Fighting
 - Level 2.0 Dodging
 - Level 2.0 Stealth
 + Level 8.2 Spellcasting
 + Level 4.0 Conjurations
 - Level 5.0 Necromancy


You had 13 spell levels left.
You knew the following spells:

 Your Spells              Type           Power      Damage    Failure   Level
a - Necrotise             Necr           100%       1d9       1%          1
b - Vampiric Draining     Necr           36%        2d8       4%          3
c - Animate Dead          Necr           36%        N/A       13%         4
p - Searing Ray           Conj           40%        2d5       3%          2

Your spell library contained the following spells:

 Spells                   Type           Power      Damage    Failure   Level
 Magic Dart               Conj           80%        1d7       1%          1
 Summon Guardian Golem    Hex/Summ       7%         N/A       30%         3
 Vhi's Electric Charge    Tloc/Air       14%        N/A       30%         3
 Agony                    Necr           36%        N/A       36%         5
 Fulminant Prism          Conj/Hex       6%         3d6       41%         4
 Arcjolt                  Conj/Air       6%         1d16      77%         5
 Irradiate                Conj/Tmut      6%         3d13      77%         5
 Orb of Destruction       Conj           10%        9d6       100%        7
 Spellforged Servitor     Conj/Summ      6%         N/A       100%        7
 Maxwell's Capacitive Co  Air            3%         ∞         100%        8
 Blade Hands              Tmut           Unusable   N/A       N/A         5
 Dragon Form              Tmut           Unusable   N/A       N/A         7

Dungeon Overview and Level Annotations

Branches:
Dungeon (6/15)
 Temple: D:4-7

Altars:
Yredelemnul

Shops:
D:2 !   D:5 ([*   D:6 *


Innate Abilities, Weirdness & Mutations

You are immune to poison.
Your flesh is cold resistant. (rC+)
You are immune to negative energy. (rN+++)
You are immune to unholy pain and torment.
You are vulnerable to heat. (rF-)
You are in touch with the powers of death.
You do not drink.
You have a special connection with the divine. (Faith)


Message History

The howler monkey hoots and howls with incredible vigour!
The wight hits you with a +5 dagger!
The wight hits you from afar with a +5 halberd!!
The searing ray hits the wight.
You destroy the wight!
The searing ray misses the wight.
The searing ray hits the howler monkey!
You kill the howler monkey!
The wight hits you from afar with a +5 halberd!
* * * LOW HITPOINT WARNING * * *
Unknown command.
The searing ray hits the wight.
You destroy the wight!
The searing ray hits the wight.
The wight is moderately damaged.
Your Conjurations skill increases to level 4!
The searing ray hits the wight.
The wight is severely damaged.
You finish channelling your searing ray.
Casting: Searing Ray (safe; 3% risk of failure)
Confirm with . or Enter, or press ? or * to list all spells.
Aiming: Searing Ray (safe; 3% risk of failure)
Press: ? - help, Shift-Dir - straight line, f - wight
Aim: a wight, wielding a +0 long sword and wearing a +0 robe (severely damaged, 78% to hit)
The searing ray hits the wight but does no damage.
The wight is severely damaged. (Press . to maintain the ray.)
The searing ray hits the wight but does no damage.
The wight is severely damaged.
The wight hits you with a +0 long sword.
* * * LOW HITPOINT WARNING * * *
Unknown command.
The searing ray misses the wight.
The wight hits you with a +0 long sword!
* * * LOW HITPOINT WARNING * * *
Unknown command.
The searing ray hits the wight.
The wight is almost destroyed.
You finish channelling your searing ray.
The wight hits you with a +0 long sword!
You die...

#.#####.....Z#############
#.....'....Z## #..........
#######....Z# #.#########
..........# #.#
#######'#.# #.# #.#.# #.#
#.#.####.# #.#......#
#@######## #z# #)# #.#
#######.# ..h.z...#
#########


You could see a wight.

Vanquished Creatures
  Prince Ribbit (D:5)
  Eustachio (D:5)
  Menkaure (D:5)
  A sky beast (D:6)
  2 ogres
  A centaur (D:6)
  3 scorpions
  2 wights (D:6)
  A howler monkey (D:6)
  2 hounds (D:6)
  A gnoll bouda (D:6)
  3 jellies (D:6)
  An iguana (D:5)
  Terence (D:3)
  2 gnolls (D:6)
  12 adders
  A shadow imp (D:5)
  A white imp (D:5)
  An ufetubus (D:4)
  A worm (D:2)
  2 dart slugs (D:3)
  7 orcs
  2 bats
  6 endoplasms
  3 giant cockroaches (D:3)
  8 goblins
  5 hobgoblins
  7 jackals
  4 kobolds
  4 quokkas
  9 ball pythons
  A frilled lizard (D:3)
  4 rats
  A spectral orc (D:6)
102 creatures vanquished.

Vanquished Creatures (collateral kills)
  An orc priest (D:5)
  A gnoll (D:6)
  An endoplasm (D:2)
  2 rats (D:1)
5 creatures vanquished.

Vanquished Creatures (others)
  4 gnoll zombies (D:6)
  6 fungi (D:4)
10 creatures vanquished.

Grand Total: 117 creatures vanquished

Notes
Turn   | Place    | Note
-------+----------+-------------------------------------------
     0 | D:1      | oldriver the Mummy Necromancer began the quest for the Orb.
     0 | D:1      | Reached XP level 1. HP: 13/13 MP: 4/4
   177 | D:1      | Reached skill level 3 in Spellcasting
   223 | D:1      | Reached skill level 1 in Fighting
   275 | D:1      | Reached XP level 2. HP: 21/21 MP: 3/6
   938 | D:2      | You fall into a shaft and drop 2 floors!
  1260 | D:3      | Gained mutation: You are in touch with the powers of death.
                  | [Mummy growth]
  1260 | D:3      | Reached XP level 3. HP: 25/27 MP: 0/8
  1394 | D:3      | Found a faded altar of an unknown god.
  1561 | D:3      | Reached skill level 4 in Spellcasting
  1701 | D:3      | Noticed Terence
  1708 | D:3      | Learned a level 3 spell: Vampiric Draining
  1714 | D:3      | Killed Terence
  1715 | D:3      | Reached XP level 4. HP: 34/34 MP: 3/10
  2150 | D:3      | Reached XP level 5. HP: 41/41 MP: 9/12
  2201 | D:2      | Found Utua's Distillery.
  2204 | D:2      | Reached skill level 5 in Spellcasting
  2943 | D:4      | Learned a level 2 spell: Searing Ray
  3582 | D:5      | Entered Level 5 of the Dungeon
  3588 | D:5      | Reached XP level 6. HP: 42/48 MP: 8/14
  3652 | D:5      | Noticed Prince Ribbit
  3810 | D:5      | Found Ynasipo's Armour Emporium.
  3850 | D:5      | Reached skill level 1 in Conjurations
  4145 | D:5      | Found Comi Ets's General Store.
  4215 | D:5      | Reached skill level 6 in Spellcasting
  4471 | D:5      | Found Eceacset's Weapon Shop.
  4487 | D:5      | Reached XP level 7. HP: 55/55 MP: 8/16
  4616 | D:5      | Noticed Eustachio
  4641 | D:5      | Killed Eustachio
  4792 | D:5      | Noticed Menkaure
  4811 | D:5      | Killed Menkaure
  5052 | D:5      | Killed Prince Ribbit
  5053 | D:5      | Reached skill level 5 in Fighting
  5053 | D:5      | Reached skill level 7 in Spellcasting
  5053 | D:5      | Reached skill level 5 in Necromancy
  5053 | D:5      | Reached XP level 8. HP: 47/62 MP: 5/18
  5465 | D:6      | Learned a level 4 spell: Animate Dead
  5571 | D:6      | Found a basalt altar of Yredelemnul.
  6052 | D:6      | Found Ewyboty's Mass Market.
  6130 | D:6      | Reached skill level 8 in Spellcasting
  6325 | D:6      | Slain by a wight

Illustrated notes

Levels and vault maps discovered:
D:1:      dpeg_arrival_refuge, layout_basic, chequers_avenue, st_stairs_3,
          corexii_leaking_fountain
D:2:      layout_rooms, serial_shops, shop, kennysheep_boxes
D:3:      layout_rooms, shapermc_ecumenical_altar_pompeii, minmay_snake_closets,
          uniq_terence
D:4:      layout_loops_ring, dreamdust_mushroom_princess
D:5:      layout_gridville, lemuel_round_altar, serial_shops,
          nicolae_shop_stone, shop_fountains, shop, minmay_misc_feat_nine_boxes,
          uniq_menkaure, uniq_eustachio, uniq_prince_ribbit1
D:6:      layout_basic, yredelemnul_forgotten_temple_becter, minmay_shop_mass

Skill      XL: |  1  2  3  4  5  6  7  8 |
---------------+-------------------------+-----
Spellcasting   | 3 4 5 6 7 8 |  8.2
Fighting       | 1 2 3 4 5 6 |  6.2
Conjurations   | 1 2 4 |  4.0
Dodging        | 2 |  2.0
Stealth        | 2 |  2.0
Necromancy     | 5 |  5.0

Action                   |  1- 3 |  4- 6 |  7- 9 || total
-------------------------+-------+-------+-------++-------
Melee: Dagger            |     3 |       |       ||     3
       Staff             |       |    25 |     2 ||    27
 Cast: Necrotise         |    70 |   113 |    51 ||   234
       Searing Ray       |       |     3 |    10 ||    13
       Vampiric Draining |       |       |     9 ||     9
       Animate Dead      |       |       |     1 ||     1
  Use: Scroll            |       |     3 |     2 ||     5
Armor: Robe              |     5 |    10 |     5 ||    20
Dodge: Dodged            |     9 |    56 |    31 ||    96

Table legend: (Time is in decaauts)
 A = Elapsed time spent in this place.
 B = Non-inter-level travel time spent in this place.
 C = Inter-level travel time spent in this place.
 D = Time resting spent in this place.
 E = Time spent auto-exploring this place.
 F = Levels seen in this place.
 G = Mean time per level.
                   A        B        C        D        E       F      G
               +--------+--------+--------+--------+--------+-----+--------+
         Total |   6352 |   6160 |    192 |    469 |   4860 |   6 | 1058.7 |
       Dungeon |   6352 |   6160 |    192 |    469 |   4860 |   6 | 1058.7 |
               +--------+--------+--------+--------+--------+-----+--------+

Top non-repeatable levels by time:
     D:5: 1578 daAuts
     D:3: 1202 daAuts
     D:6: 1130 daAuts
     D:2: 851 daAuts
     D:1: 809 daAuts
     D:4: 778 daAuts
